 Dungeon Crawl Stone Soup version 0.28.0-43-g3370ac3207 (webtiles) character file.

Game seed: 10254079363635014790

41 themarg the Conjurer (level 3, -1/20 HPs)
             Began as a Tengu Conjurer on Mar 20, 2022.
             Slain by an adder (3 damage)
             ... on level 3 of the Dungeon.
             The game lasted 00:03:41 (1659 turns).

themarg the Conjurer (Tengu Conjurer)               Turns: 1659, Time: 00:03:41

Health: -1/20      AC:  2    Str:  7    XL:     3   Next: 52%
Magic:  3/7        EV: 12    Int: 20    God:
Gold:   88         SH:  0    Dex: 12    Spells: 3/6 levels left

rFire   . . .      SeeInvis .   b - +0 short sword
rCold   . . .      Faith    .   (no shield)
rNeg    . . .      Spirit   .   a - +0 robe
rPois   .          Reflect  .   (helmet restricted)
rElec   .          Harm     .   (no cloak)
rCorr   .          Rampage  .   (no gloves)
Will    .....                   (boots unavailable)
Stlth   ++........              (no amulet)
HPRegen 0.06/turn               (no ring)
MPRegen 0.10/turn               (no ring)

@: lethally poisoned (-1 -> -11)
A: beak, talons 3
a: no special abilities


You were on level 3 of the Dungeon.
You visited 1 branch of the dungeon, and saw 3 of its levels.

You collected 88 gold pieces.

Inventory:

Hand Weapons
 b - a +0 short sword (weapon)
Armour
 a - a +0 robe (worn)
Scrolls
 c - 4 scrolls of teleportation {unknown}
 h - a scroll of noise {unknown}
 i - a scroll of identify {unknown}
Potions
 d - a potion of invisibility {unknown}
 e - 3 potions of curing {unknown}
 f - 3 potions of degeneration {unknown}
 g - a potion of berserk rage {unknown}
 j - a potion of cancellation {unknown}


   Skills:
 + Level 1.0 Fighting
 + Level 1.1 Short Blades
 + Level 2.7 Dodging
 + Level 2.3 Stealth
 + Level 2.2 Spellcasting
 + Level 5.5 Conjurations


You had 3 spell levels left.
You knew the following spells:

 Your Spells              Type           Power      Damage    Failure   Level
a - Magic Dart            Conj           96%        1d7       1%          1
b - Searing Ray           Conj           48%        2d6       2%          2

Your spell library contained the following spells:

 Spells                   Type           Power      Damage    Failure   Level
 Dazzling Flash           Conj/Hex       26%        N/A       14%         3
 Fulminant Prism          Conj/Hex       6%         3d7       43%         4
 Iskenderun's Mystic Bla  Conj/Tloc      13%        2d5       43%         4


Dungeon Overview and Level Annotations

Branches:
Dungeon (2/15)

Altars:
Sif Muna


Innate Abilities, Weirdness & Mutations

You have a beak for a mouth.
You have claws for feet.


Message History

The searing ray hits the orc.
The orc is lightly wounded. (Press . to maintain the ray.)
An orc comes into view. It is wielding a +0 hand axe.
The searing ray hits the orc.
The orc is heavily wounded.
The searing ray hits the orc.
The orc is heavily wounded.
The searing ray hits the orc.
You kill the orc!
An adder comes into view.
The orc barely misses you.
The searing ray hits the orc.
The orc is severely wounded.
You finish channelling your searing ray.
A ball python comes into view.
The orc hits you with a +0 dagger. The orc hits you but does no damage.
Found a rapier.
You hit the adder. You claw the adder!
The adder is almost dead.
The adder bites you.
You are poisoned.
The adder poisons you! The orc hits you but does no damage.
An orc comes into view. It is wielding a +0 short sword.
The orc shouts!
You hit the adder but do no damage. Your kick misses the adder.
The adder is almost dead.
You feel sick. The adder bites you.
You are lethally poisoned!
The adder poisons you! The orc hits you with a +0 dagger.
The orc hits you with a +0 hand axe.
* * * LOW HITPOINT WARNING * * *
The adder completely misses you. The orc barely misses you.
You barely miss the adder. You claw the adder.
The adder is almost dead.
* * * LOW HITPOINT WARNING * * *
You feel very sick. The adder bites you.
You die...

..................
..................
..................
..................
..................
.....)..S.......).
.........o........
.........o@......#
.......>.oS......#
.................#
..................
.................#
.................#
.......o.........#
.................#


You could see an adder, 4 orcs and a ball python.

Vanquished Creatures
  A worm (D:2)
  2 dart slugs (D:1)
  An orc (D:3)
  2 bats
  3 endoplasms
  A giant cockroach (D:2)
  4 goblins
  3 hobgoblins (D:1)
  A quokka (D:1)
  3 ball pythons (D:1)
  4 kobolds
  6 rats
31 creatures vanquished.

Notes
Turn   | Place    | Note
-------+----------+-------------------------------------------
     0 | D:1      | themarg the Tengu Conjurer began the quest for the Orb.
     0 | D:1      | Reached XP level 1. HP: 10/10 MP: 4/4
   286 | D:1      | Reached XP level 2. HP: 15/15 MP: 0/6
   346 | D:1      | Learned a level 2 spell: Searing Ray
  1035 | D:1      | Reached XP level 3. HP: 20/20 MP: 3/7
  1353 | D:2      | Found a shimmering blue altar of Sif Muna.
  1368 | D:2      | Reached skill level 1 in Short Blades
  1615 | D:2      | Reached skill level 1 in Fighting
  1649 | D:2      | You fall into a shaft and drop 1 floor!
  1659 | D:3      | Slain by an adder

Illustrated notes

Levels and vault maps discovered:
D:1:      minmay_arrival_split_and_join, layout_basic
D:2:      layout_loops_ring, basic_altar, roderic_st_hans_cross,
          minmay_pentomino_u2
D:3:      minmay_roachtagon, layout_basic, minmay_hedge_maze

Skill      XL: |  1  2  3 |
---------------+----------+-----
Short Blades   | 1 |  1.1
Fighting       | 1 |  1.0
Dodging        | |  2.7
Stealth        | |  2.3
Spellcasting   | |  2.2
Conjurations   | |  5.5

Action                   || total
-------------------------++-------
Melee: Short sword       ||    13
       Kick              ||     7
       Peck              ||     1
 Cast: Magic Dart        ||    42
       Searing Ray       ||     2
Armor: Robe              ||     3
Dodge: Dodged            ||     7
